 Dungeon Crawl Stone Soup version 0.30-a0-165-g1891117ce2 (webtiles) character file.

Game seed: 17759937539164134334

6036 brightshaft the Grappler (level 10, -10/96 HPs)
             Began as a Troll Monk on Sept 29, 2022.
             Was a High Priest of Okawaru.
             Mangled by an orc warrior
             ... wielding a +0 halberd
              (17 damage)
             ... on level 8 of the Dungeon.
             The game lasted 00:13:17 (5356 turns).

brightshaft the Grappler (Troll Monk)               Turns: 5356, Time: 00:13:17

Health: -10/96     AC:  6    Str: 25    XL:     10   Next: 56%
Magic:  7/9        EV: 13    Int:  6    God:    Okawaru [*****.]
Gold:   592        SH:  0    Dex: 12    Spells: 9/9 levels left

rFire   . . .      SeeInvis .      - Unarmed
rCold   + . .      Faith    .    (no shield)
rNeg    . . .      Spirit   .    a - +1 robe
rPois   .          Reflect  .    (helmet restricted)
rElec   .          Harm     .    q - +0 cloak
rCorr   .          Rampage  .    (gloves unavailable)
Will    .....                    (boots unavailable)
Stlth   +++.......               o - amulet of the acrobat
HPRegen 1.06/turn                y - ring of protection from cold
MPRegen 0.11/turn                (no ring)

@: heroic, flying
A: large, unfitting armour, claws 3, regeneration 1, shaggy fur 1, tough skin 1
a: Renounce Religion, Heroism, Finesse, Duel


You were on level 8 of the Dungeon.
You worshipped Okawaru.
Okawaru was extremely pleased with you.
You visited 2 branches of the dungeon, and saw 9 of its levels.

You collected 704 gold pieces.
You spent 112 gold pieces at shops.

Inventory:

Missiles
 g - 27 poisoned darts
 i - 6 boomerangs
 x - a throwing net
 C - 9 large rocks (quivered)
Armour
 a - a +1 robe (worn)
 q - a +0 cloak (worn)
Jewellery
 o - an amulet of the acrobat (around neck)
 y - a ring of protection from cold (left claw)
Wands
 l - a wand of flame (4) {@v2}
 m - a wand of quicksilver (10)
 B - a wand of paralysis (3)
Scrolls
 e - 10 scrolls of identify {@r1}
 f - 3 scrolls of teleportation {@r4}
 p - a scroll of magic mapping {unknown}
 s - a scroll of poison
 u - 2 scrolls of butterflies {unknown}
 v - 2 scrolls of vulnerability {unknown}
 w - a scroll of summoning {unknown}
Potions
 b - 2 potions of curing {@q1}
 c - 2 potions of haste {@q3}
 h - 2 potions of cancellation
 j - a potion of mutation {unknown}
 k - a potion of heal wounds {@q2}
 n - a potion of attraction {unknown}
 r - a potion of invisibility {unknown}
 t - a potion of berserk rage {unknown}
 z - a potion of ambrosia
 A - a potion of lignification {unknown}


   Skills:
 + Level 5.4(10.4) Fighting
 + Level 5.1(10.1) Throwing
 + Level 5.4(10.4) Dodging
 - Level 1.0(6.0) Stealth
 * Level 11.4(16.4) Unarmed Combat
 + Level 4.2 Evocations


You had 9 spell levels left.
You didn't know any spells.
Your spell library contained the following spells:

 Spells                   Type           Power      Damage    Failure   Level
 Summon Small Mammal      Summ           Unusable   N/A       N/A         1
 Call Canine Familiar     Summ           Unusable   N/A       N/A         3
 Summon Guardian Golem    Hex/Summ       Unusable   N/A       N/A         3

Dungeon Overview and Level Annotations

Branches:
Dungeon (8/15)             Temple (1/1) D:4
   Lair: D:8-11

Altars:
Ashenzari
Cheibriados
Dithmenos
Elyvilon
Fedhas
Hepliaklqana
Nemelex Xobeh
Okawaru
Qazlal
Ru
Uskayaw
Wu Jian
Xom
Yredelemnul
Zin

Shops:
D:2 !   D:3 =   D:7 *


Innate Abilities, Weirdness & Mutations

You are too large for most types of armour.
You have claws for hands.
Your natural rate of healing is unusually fast.
You are covered in fur. (AC +1)
You have tough skin. (AC +1)


Message History

You climb upwards.
There is a stone staircase leading down here.
Magic restored.
HP restored.
Done exploring.
You climb downwards.
The orc priest looks satisfied for a moment.
An orc comes into view. It is wielding a +0 hand axe.
There is a stone staircase leading up here.
An orc priest comes into view. It is wielding a +0 vorpal flail.
You barely miss the death yak. You claw the death yak.
The death yak is lightly wounded.
The death yak gores you but does no damage.
The death yak gores you!
You gain the combat prowess of a mighty hero.
The death yak misses you. The death yak gores you!
You claw the death yak!
The death yak is lightly wounded.
The death yak gores you! The death yak barely misses you.
You scratch the death yak but do no damage.
The death yak is lightly wounded.
You mangle the death yak!!
The death yak is heavily wounded.
You hear a shout!
The orc priest barely misses you. The death yak gores you!!
The death yak gores you but does no damage.
You barely miss the death yak.
The death yak is heavily wounded.
The orc priest hits you with a +1 flail of holy wrath!
The death yak misses you. The death yak gores you!!
* * * LOW HITPOINT WARNING * * *
Okay, then.
Okay, then.
It was a potion of flight.
You feel very buoyant.
You fly up into the air.
The orc priest hits you with a +1 flail of holy wrath.
* * * LOW HITPOINT WARNING * * *
The orc warrior hits you from afar with a +0 halberd!
You die...

......... # . ......
o#. o..o# #.. .... #.#
..# ###### #.##o##
##.#.### #o[[z.##
##.....# #o###o.###
##)....# ####oY@Y....#
..)....#
#....o#####...
##.....# #.#####.. ##
##.....# #.'....._
###########.#####..
##.......##.....#####.
##.#####.##.##........
....####.##....#####..
#........##.####


You could see 2 death yaks, 2 orc warriors, an orc priest and an orc.

Vanquished Creatures
  A boulder beetle (D:8)
  A death yak (D:8)
  A cyclops (D:8)
  An elephant (shapeshifter) (D:8)
  A black mamba (shapeshifter) (D:8)
  A komodo dragon (D:8)
  Sigmund (D:2)
  7 yaks
  Eustachio (D:5)
  Edmund (D:5)
  A water moccasin (D:5)
  2 sky beasts (D:7)
  2 ogres
  2 centaurs
  2 phantoms
  A kobold brigand (D:7)
  3 bullfrogs
  4 wights (D:8)
  A killer bee (D:8)
  A howler monkey (D:6)
  6 hounds
  2 orc priests
  A jelly (D:6)
  4 iguanas
  Ijyb (D:3)
  Terence (D:2)
  7 orc wizards
  4 gnolls
  6 adders
  2 shadow imps
  3 ufetubi
  3 worms
  3 dart slugs
  24 orcs
  2 bats
  5 endoplasms
  A giant cockroach (D:4)
  3 goblins
  8 hobgoblins
  4 jackals
  5 quokkas
  9 ball pythons
  2 frilled lizards
  10 kobolds
  7 rats
158 creatures vanquished.

Vanquished Creatures (others)
  A goblin (D:2)
1 creature vanquished.

Grand Total: 159 creatures vanquished

Notes
Turn   | Place    | Note
-------+----------+-------------------------------------------
     0 | D:1      | brightshaft the Troll Monk began the quest for the Orb.
     0 | D:1      | Reached XP level 1. HP: 22/22 MP: 0/0
   216 | D:1      | Reached XP level 2. HP: 29/29 MP: 1/1
   362 | D:1      | Reached skill level 4 in Unarmed Combat
   386 | D:1      | Found a faded altar of an unknown god.
   589 | D:2      | Reached XP level 3. HP: 26/36 MP: 2/2
   626 | D:2      | Found Zuutt's Distillery.
   631 | D:2      | Noticed Terence
   644 | D:2      | Killed Terence
   651 | D:2      | Bought a potion of curing for 42 gold pieces
   651 | D:2      | Bought a potion of heal wounds for 70 gold pieces
   822 | D:2      | Noticed Sigmund
   834 | D:2      | Killed Sigmund
   835 | D:2      | Reached skill level 6 in Unarmed Combat
   835 | D:2      | Reached XP level 4. HP: 27/44 MP: 3/3
   835 | D:2      | Reached XP level 5. HP: 30/50 MP: 4/4
  1124 | D:3      | Found Sologeg's Jewellery Emporium.
  1238 | D:3      | Reached XP level 6. HP: 59/59 MP: 5/5
  1302 | D:3      | Noticed Ijyb
  1308 | D:3      | Killed Ijyb
  1309 | D:3      | Reached skill level 7 in Unarmed Combat
  1525 | D:3      | Found a sacrificial altar of Ru.
  1979 | D:4      | Found a staircase to the Ecumenical Temple.
  2101 | Temple   | Entered the Ecumenical Temple
  2177 | Temple   | Became a worshipper of Warmaster Okawaru
  2177 | Temple   | Reached * piety under Okawaru
  2177 | Temple   | Reached ** piety under Okawaru
  2414 | D:4      | Found the +8 autumn katana {vorpal, manifold assault}
  2490 | D:4      | Reached skill level 8 in Unarmed Combat
  2490 | D:4      | Reached XP level 7. HP: 53/66 MP: 6/6
  2775 | D:5      | Entered Level 5 of the Dungeon
  2795 | D:5      | Reached skill level 1 in Throwing
  2813 | D:5      | Found a white marble altar of Elyvilon.
  2848 | D:5      | Reached skill level 1 in Evocations
  3045 | D:5      | Noticed Eustachio
  3064 | D:5      | Killed Eustachio
  3065 | D:5      | Reached XP level 8. HP: 57/75 MP: 7/7
  3255 | D:5      | Noticed Edmund
  3260 | D:5      | Killed Edmund
  3703 | D:6      | Reached skill level 9 in Unarmed Combat
  3794 | D:6      | Reached *** piety under Okawaru
  4385 | D:7      | Found a broken altar of Ashenzari.
  4559 | D:7      | Reached XP level 9. HP: 84/84 MP: 8/8
  4589 | D:7      | Reached **** piety under Okawaru
  4601 | D:7      | Reached skill level 10 in Unarmed Combat
  4668 | D:7      | Found Zijiogau's Elemental Accessories.
  4878 | D:8      | Noticed a yaktaur
  4883 | D:8      | Noticed a cyclops
  4884 | D:8      | a yaktaur changed into an elephant
  4884 | D:8      | Noticed an elephant (shapeshifter)
  4888 | D:8      | Killed an elephant
  4888 | D:8      | Reached ***** piety under Okawaru
  4889 | D:8      | Noticed a boulder beetle
  4897 | D:8      | Killed a cyclops
  4897 | D:8      | Identified the +0 robe of the Cricket {rC- Str+3 Int+7
                  | Dex-3} (Okawaru gifted it to you on level 8 of the Dungeon)
  4897 | D:8      | Received a gift from Okawaru
  4898 | D:8      | Reached XP level 10. HP: 6/94 MP: 7/9
  4986 | D:8      | Killed a boulder beetle
  4987 | D:8      | Reached skill level 5 in Fighting
  4987 | D:8      | Reached skill level 5 in Dodging
  5056 | D:8      | Identified the +0 pair of gloves "Doritre" {Drain Will+++
                  | Str+4 Dex+4}
  5070 | D:8      | Reached skill level 11 in Unarmed Combat
  5070 | D:8      | a polar bear changed into a black mamba
  5070 | D:8      | Noticed a black mamba (shapeshifter)
  5074 | D:8      | Killed a black mamba
  5297 | D:8      | Found a snail-covered altar of Cheibriados.
  5306 | D:8      | Noticed a death yak
  5306 | D:8      | Noticed a death yak
  5311 | D:8      | Noticed a death yak
  5322 | D:8      | Killed a death yak
  5323 | D:8      | Reached skill level 5 in Throwing
  5356 | D:8      | Mangled by an orc warrior

Illustrated notes

Levels and vault maps discovered:
D:1:      dpeg_arrival_court, layout_basic, shapermc_ecumenical_altar_gd,
          minmay_split_cup_small
D:2:      layout_rooms, serial_shops, shop, chequers_serial_rivers_micro_e,
          minmay_tetromino_o2, uniq_terence, uniq_sigmund
D:3:      layout_basic, nicolae_ru_the_path_less_chosen, serial_shops,
          nicolae_shop_stone, grunt_decor_junction,
          nicolae_concentric_dashed_squares_wild, uniq_ijyb
D:4:      minmay_diamond_boxcup, layout_basic,
          minmay_temple_entry_statues_fountains, serial_rivers,
          chequers_serial_rivers_large_b, chequers_serial_rivers_micro_b,
          chequers_serial_rivers_small_3, chequers_serial_rivers_large_a,
          chequers_serial_rivers_small_3, chequers_serial_rivers_micro_b
D:5:      nicolae_cairo_tiling, layout_loops_cross, elyvilon_altar_1,
          uniq_eustachio, uniq_edmund
D:6:      layout_basic
D:7:      layout_rooms, ashenzari_conservatory_becter, nicolae_elemental_shop,
          sigmund_army
D:8:      cheibrodos_elevator_heist, layout_loops_cross,
          palyth_temple_overflow_mages, mainiacjoe_overflow_surrounded_room,
          dpeg_lair_monsters, ebering_ghost_disaster_area,
          nicolae_specific_store, grunt_decor_clamped
Temple:   jpeg_temple_clearing

Skill      XL: |  1  2  3  4  5  6  7  8  9 10 |
---------------+-------------------------------+-----
Unarmed Combat | 4 6 8 9 10 11 | 11.4
Throwing       | 1 3 4 5 |  5.1
Evocations     | 1 2 3 4 |  4.2
Fighting       | 3 4 5 |  5.4
Dodging        | 3 4 5 |  5.4
Stealth        | |  1.0

Action                   |  1- 3 |  4- 6 |  7- 9 | 10-12 || total
-------------------------+-------+-------+-------+-------++-------
Melee: Unarmed           |    80 |   114 |   233 |    54 ||   481
       Punch             |       |       |    10 |     4 ||    14
Throw: Large rock        |       |       |       |     1 ||     1
Invok: Heroism           |       |       |     1 |     2 ||     3
  Use: Scroll            |     2 |    10 |       |       ||    12
       Potion            |     1 |       |     1 |     2 ||     4
 Stab: Sleeping          |     5 |     4 |     1 |       ||    10
       Distracted        |       |       |     1 |       ||     1
Armor: Robe              |    18 |    25 |    84 |    12 ||   139
Dodge: Dodged            |    25 |    62 |   162 |    25 ||   274

Table legend: (Time is in decaauts)
 A = Elapsed time spent in this place.
 B = Non-inter-level travel time spent in this place.
 C = Inter-level travel time spent in this place.
 D = Time resting spent in this place.
 E = Time spent auto-exploring this place.
 F = Levels seen in this place.
 G = Mean time per level.
                   A        B        C        D        E       F      G
               +--------+--------+--------+--------+--------+-----+--------+
         Total |   5360 |   5247 |    113 |      0 |   4031 |   9 |  595.6 |
       Dungeon |   5252 |   5151 |    101 |      0 |   3958 |   8 |  656.5 |
        Temple |    108 |     96 |     12 |      0 |     73 |   1 |  108.0 |
               +--------+--------+--------+--------+--------+-----+--------+

Top non-repeatable levels by time:
     D:4: 1032 daAuts
     D:5: 827 daAuts
     D:6: 685 daAuts
     D:3: 681 daAuts
     D:7: 629 daAuts
     D:1: 543 daAuts
     D:2: 460 daAuts
     D:8: 391 daAuts
  Temple: 108 daAuts
